[Event "ITA-ch Women 2017"]
[Site "Cosenza"]
[Date "2017.12.04"]
[Round "2"]
[White "Gueci, Tea"]
[Black "Brunello, Marina"]
[Result "0-1"]
[ECO "B90"]
[WhiteElo "2158"]
[BlackElo "2345"]
[Annotator "RC"]
[PlyCount "126"]
[EventDate "2017.??.??"]
[EventType "tourn"]
[EventCountry "ITA"]
[SourceTitle "playchess.com"]
[Source "ChessBase"]
[SourceQuality "1"]
[TimeControl "40/6000+30:20/3000+30:900+30"]

1. e4 c5 2. Nf3 d6 3. d4 cxd4 4. Nxd4 Nf6 5. Nc3 a6 6. f3 e5 7. Nb3 Be6 8. Be3 Be7 9. Qd2 O-O 10. O-O-O a5 11. a4 Nc6 12. g4 Nb4 13. Kb1 Nd7 14. Rg1 Nb6 15. Qf2 Nc4 16. Bxc4 Bxc4 17. Bb6 Qb8 18. Nxa5 Be6 19. Nd5 Nxd5 20. exd5 Bd7 21. b3 Rc8 22. Rge1 Ra6 23. Re4 Qa8 24. Nc4 f5 25. gxf5 Bxf5 26. a5 Bxe4 27. fxe4 Rf8 28. Qg2 Rf6 29. Qh3 Qe8 30. Ne3 Ra8 31. Nf5 Bd8 32. Rg1 Rg6 33. Rxg6 Qxg6 34. Qc3 Qf6 35. Qb4 g6 36. Nh6+ Kg7 37. Be3 Qe7 38. Bg5 Qxg5 39. Qxb7+ Kxh6 40. Qxa8 Kh5 41. b4 Qg1+ 42. Ka2 Bg5 43. Qc8 Qd4 44. Qh3+ Bh4 45. Qf3+ Kg5 46. Kb3 h5 47. a6 Qb6 48. Qd3 Bf2 49. Qc4 Kf4 50. Qc6 Kxe4 51. a7 Qxa7 52. Qxd6 Qd4 53. Qxg6+ Kxd5 54. Qf7+ Ke4 55. Qxh5 Ke3 56. Qh6+ Ke2 57. Qa6+ Kd2 58. Qh6+ Be3 59. Qc6 e4 60. c3 Qd3 61. b5 Bd4 62. b6 Qxc3+ 63. Qxc3+ Bxc3 0-1

[Event "ITA-ch Women 2017"]
[Site "Cosenza"]
[Date "2017.12.04"]
[Round "2"]
[White "Santeramo, Alessia"]
[Black "Di Benedetto, Desiree"]
[Result "0-1"]
[ECO "C00"]
[WhiteElo "2082"]
[BlackElo "2092"]
[Annotator "NA"]
[PlyCount "108"]
[EventDate "2017.??.??"]
[EventType "tourn"]
[EventCountry "ITA"]
[SourceTitle "playchess.com"]
[Source "ChessBase"]
[SourceQuality "1"]
[TimeControl "40/6000+30:20/3000+30:900+30"]

1. e4 c5 2. Nf3 e6 3. g3 Nc6 4. Bg2 Nf6 5. Qe2 {LiveBook: 587 Games} d6 6. c3 Be7 7. O-O O-O {C00: French: Unusual White 2nd moves} 8. d4 cxd4 9. cxd4 d5 10. e5 Ne4 11. Nc3 (11. Rd1 Bd7 12. Be3 Qe8 13. Ne1 f6 14. exf6 Bxf6 15. Nc3 {1-0 (83) Gharamian,T (2616)-Bauer,C (2650) Agen 2017}) 11... Nxc3 12. bxc3 Na5 13. h4 Bd7 14. Bg5 Rc8 15. Rfc1 $146 ({Predecessor:} 15. Rac1) 15... a6 16. Qc2 Nc4 17. Bf1 h6 18. Bxe7 Qxe7 19. Kg2 f5 20. a4 Be8 21. Bxc4 dxc4 22. Nd2 f4 23. Rf1 Bc6+ 24. Kh3 fxg3 25. fxg3 Rxf1 26. Rxf1 Rf8 27. Qc1 $2 (27. Rxf8+ $11 Qxf8 28. Qg6) 27... Bxa4 28. Ne4 Bc6 29. Nd6 Bd5 30. Rf4 Rxf4 31. gxf4 Qc7 32. Qa3 Qb6 33. Qa1 Qb3 34. Qc1 Qa2 35. Qg1 Qe2 36. Qg3 Qf1+ 37. Kg4 Qd1+ 38. Kh3 Bf3 39. Qf2 Bd5 $11 (39... Qd3 $19 40. Kh2 Qxc3 41. Nxc4 a5) 40. Ne8 Qd3+ 41. Qg3 Qxg3+ $2 (41... a5 $19 {is more deadly.} 42. Nd6 Qf1+ 43. Kg4 a4) 42. Kxg3 b5 43. Kf2 a5 44. Nc7 Bc6 45. Ke1 b4 46. cxb4 axb4 47. Nxe6 b3 48. Kd2 b2 49. Kc2 c3 50. Nc5 Bd5 51. Kb1 Bg2 52. Ka2 Bh3 53. Na4 Be6+ 54. Kb1 Bf5+ 0-1

[Event "ITA-ch Women 2017"]
[Site "Cosenza"]
[Date "2017.12.07"]
[Round "4"]
[White "Santeramo, Alessia"]
[Black "Palma, Maria"]
[Result "1-0"]
[ECO "B40"]
[WhiteElo "2082"]
[BlackElo "2019"]
[Annotator "NA RC"]
[PlyCount "81"]
[EventDate "2017.??.??"]
[EventType "tourn"]
[EventCountry "ITA"]
[SourceTitle "playchess.com"]
[Source "ChessBase"]
[SourceQuality "1"]
[TimeControl "40/6000+30:20/3000+30:900+30"]

1. e4 c5 2. Nf3 e6 3. g3 Nc6 4. Bg2 Nf6 5. Qe2 {B40: Sicilian: 2...e6, Unusual lines} e5 {LiveBook: 128 Games} 6. c3 (6. O-O Be7 7. c3 d6 8. Na3 O-O 9. Nc2 Re8 10. Rd1 Bf8 11. d3 b5 12. a4 b4 13. cxb4 cxb4 {0-1 (23) Vachier Lagrave,M (2795)-Grischuk,A (2750) chess.com INT 2017}) 6... Be7 7. Na3 O-O 8. d3 h6 9. Nc4 d6 10. a4 Re8 11. O-O Bf8 12. Ne3 $146 ({Predecessor:} 12. h3 Be6 {½-½ (36) Kveinys,A (2548)-Mihok,O (2534) Suwalki 2017}) 12... Be6 13. Ne1 d5 14. f4 d4 15. f5 Bb3 16. Ng4 {[#]} c4 $1 17. Nxf6+ Qxf6 18. Qh5 Rad8 19. g4 g6 20. fxg6 Qxg6 21. Qh3 Re6 22. Rf5 dxc3 23. bxc3 cxd3 24. Nf3 Red6 25. Bd2 Be6 26. Nh4 (26. Nxe5 $142 Nxe5 27. Rxe5) 26... Qg7 27. Raf1 (27. Bf3 {was necessary.}) 27... Bxf5 $2 (27... Na5 $19 {has better winning chances.} 28. R5f2 Bxg4) 28. Nxf5 Qg6 29. Nxd6 Rxd6 30. Rf5 Bg7 31. g5 hxg5 32. Rxg5 Qe6 33. Qg3 Qf6 34. h4 Kf8 35. Rf5 {[#]} Qg6 (35... Qe6 $1 $17 36. Bh3 Ne7) 36. Qf2 (36. Qxg6 $1 $11 Rxg6 37. Rf3) 36... Rf6 $2 (36... Ne7 $17 {und es läuft.} 37. Rg5 Qe6 38. Qxa7 Nc6) 37. h5 Qg4 38. h6 $1 ({Worse is} 38. Rxf6 Bxf6 39. Qf3 Qxf3 $15) 38... Bh8 $18 (38... Rxh6 $16 39. Bxh6 (39. Rxf7+ Ke8 $16) 39... Bxh6 40. Rxf7+ Ke8 41. Rxb7 Qd1+ 42. Bf1 Qg4+ 43. Qg2 Be3+ 44. Kh1 Qh5+ 45. Qh3 Qxh3+ 46. Bxh3 Na5) 39. Rxf6 Bxf6 40. Qxf6 Qd1+ 41. Kh2 1-0

[Event "ITA-ch Women 2017"]
[Site "Cosenza"]
[Date "2017.12.08"]
[Round "5"]
[White "Palma, Maria"]
[Black "Gueci, Tea"]
[Result "0-1"]
[ECO "A13"]
[WhiteElo "2019"]
[BlackElo "2158"]
[Annotator "RC"]
[PlyCount "140"]
[EventDate "2017.??.??"]
[EventType "tourn"]
[EventCountry "ITA"]
[SourceTitle "playchess.com"]
[Source "ChessBase"]
[SourceQuality "1"]
[TimeControl "40/6000+30:20/3000+30:900+30"]

1. c4 e6 2. Nf3 d5 3. g3 Nf6 4. Bg2 dxc4 5. Qa4+ Bd7 6. Qxc4 c5 7. Qc2 Nc6 8. O-O Be7 9. b3 O-O 10. Bb2 Rc8 11. d3 b5 12. Rc1 Qb6 13. Nbd2 Rfd8 14. h3 Nd5 15. Ne4 Nd4 16. Qd2 f5 17. Nc3 Nb4 18. Nd1 Qd6 19. Ne1 e5 20. e3 Ne6 21. a3 Nc6 22. Qe2 Nc7 23. f4 Bf6 24. fxe5 Bxe5 25. Bxe5 Nxe5 26. Nf2 Be6 27. Qb2 Nf7 28. Kh2 Nd5 29. e4 Ne3 30. Nf3 f4 31. g4 Qe7 32. Kg1 h5 33. gxh5 Re8 34. Kh1 Rc7 35. Rg1 c4 36. bxc4 bxc4 37. dxc4 Nxc4 38. Qb4 Qf6 39. Rac1 Rec8 40. Nd3 a5 41. Qe1 Rd8 42. Qc3 Qh6 43. Bf1 Nh8 44. Nde5 Rdc8 45. Nxc4 Bxc4 46. Bxc4+ Rxc4 47. Qxc4+ Rxc4 48. Rxc4 Qe6 49. Rc7 Qxh3+ 50. Nh2 Nf7 51. Rb1 Qxh5 52. Rb8+ Kh7 53. Rbb7 Qd1+ 54. Kg2 Qe2+ 55. Kg1 Qe3+ 56. Kh1 Qxe4+ 57. Kg1 Qe3+ 58. Kf1 f3 59. Re7 Qc1+ 60. Kf2 Qd2+ 61. Kxf3 Ng5+ 62. Kg3 Qd6+ 63. Kg2 Ne6 64. Nf3 Nf4+ 65. Kf2 Qc5+ 66. Kg3 Nh5+ 67. Kh4 Kh6 68. Kg4 Qc4+ 69. Kh3 Qf1+ 70. Kg4 Qg2+ 0-1

[Event "ITA-ch Women 2017"]
[Site "Cosenza"]
[Date "2017.12.09"]
[Round "6"]
[White "Brunello, Marina"]
[Black "Palma, Maria"]
[Result "1-0"]
[ECO "B40"]
[WhiteElo "2345"]
[BlackElo "2019"]
[Annotator "NA"]
[PlyCount "67"]
[EventDate "2017.??.??"]
[EventType "tourn"]
[EventCountry "ITA"]
[SourceTitle "playchess.com"]
[Source "ChessBase"]
[SourceQuality "1"]
[TimeControl "40/6000+30:20/3000+30:900+30"]

1. e4 c5 2. Nf3 e6 3. d4 cxd4 4. Nxd4 Nf6 5. Nc3 Bb4 6. Qd3 O-O 7. e5 Nd5 8. Bd2 d6 9. exd6 Qxd6 10. g3 Nc6 11. Bg2 Rd8 12. Nxc6 bxc6 13. Ne4 Qc7 14. Bxb4 Nxb4 15. Qb3 Rb8 16. O-O c5 17. Rfd1 Bb7 18. Rxd8+ Rxd8 19. a3 Bd5 20. c4 Bxe4 21. axb4 Bxg2 22. Kxg2 Qb7+ 23. Qf3 Qc7 24. b5 g6 25. Ra6 Kg7 26. b3 Rd4 27. Qc6 Qe5 28. Rxa7 Qf5 29. Qf3 Qxf3+ 30. Kxf3 Rd3+ 31. Ke4 Rxb3 32. Rc7 Rb2 33. Rxc5 Rxf2 34. b6 1-0

[Event "ITA-ch Women 2017"]
[Site "Cosenza"]
[Date "2017.12.09"]
[Round "6"]
[White "Gueci, Tea"]
[Black "Sedina, Elena"]
[Result "0-1"]
[ECO "C00"]
[WhiteElo "2158"]
[BlackElo "2312"]
[Annotator "NA"]
[PlyCount "120"]
[EventDate "2017.??.??"]
[EventType "tourn"]
[EventCountry "ITA"]
[SourceTitle "playchess.com"]
[Source "ChessBase"]
[SourceQuality "1"]
[TimeControl "40/6000+30:20/3000+30:900+30"]

1. e4 e6 2. Nf3 d5 3. e5 c5 4. b4 b6 5. a3 Nh6 {C00: French: Unusual White 2nd moves} (5... Ne7 6. Bb2 Nec6 7. b5 Na5 8. d4 Bb7 9. Nbd2 Be7 10. Bc3 Nd7 11. Be2 Rc8 12. Bxa5 bxa5 13. c3 {0-1 (40) Al Modiahki,M (2549)-Meier,G (2632) Dubai 2014}) 6. c3 a5 7. bxc5 bxc5 8. d4 Nf5 9. Bd3 $146 ({Predecessor:} 9. a4 cxd4 10. cxd4 Bb4+ 11. Bd2 O-O 12. Na3 Nc6 13. Nb5 {0-1 (59) Xu,X (1977)-Schulz,M (2227) Rostock 2010}) 9... Be7 10. O-O Ba6 11. Re1 Bxd3 12. Qxd3 O-O 13. a4 Nc6 14. Na3 cxd4 15. Nxd4 Nfxd4 16. cxd4 Nb4 17. Qg3 Bh4 18. Qb3 f5 19. Bd2 Be7 20. f4 Qd7 21. Rec1 Rfc8 22. Nb5 Rab8 23. g3 h6 24. Rab1 Rxc1+ 25. Rxc1 Rc8 26. Rxc8+ Qxc8 27. Qc3 Qxc3 28. Bxc3 g5 29. Kf2 Kf7 30. Ke2 Nc6 31. Bd2 g4 32. Kd3 h5 33. Be1 Ke8 34. Kc2 Kd7 35. Kb3 Kc8 36. Kc2 Kd7 37. Kb3 Bf8 38. Kc2 Bh6 39. Kd3 Bf8 40. Kc2 Be7 41. Kb3 Kc8 42. Kc2 Kb7 43. Kb3 Kb6 44. Kc2 Nd8 45. Kd3 Nf7 46. Ke2 Nh8 47. Bc3 Ng6 48. Kf2 h4 49. Kg2 Bb4 50. Kf2 h3 51. Kg1 Nf8 52. Kf2 Nd7 53. Ke3 Kc6 54. Bd2 (54. Na7+ $142 Kb7 55. Nb5) 54... Nb6 55. Nc3 Bxc3 56. Bxc3 Nxa4 57. Bxa5 Kb5 58. Be1 Kc4 59. Bf2 Nc3 60. Bg1 Nb5 0-1

[Event "ITA-ch Women 2017"]
[Site "Cosenza"]
[Date "2017.12.09"]
[Round "6"]
[White "Di Benedetto, Desiree"]
[Black "Movileanu, Daniela"]
[Result "1-0"]
[ECO "B22"]
[WhiteElo "2092"]
[BlackElo "2191"]
[Annotator "NA"]
[PlyCount "131"]
[EventDate "2017.??.??"]
[EventType "tourn"]
[EventCountry "ITA"]
[SourceTitle "playchess.com"]
[Source "ChessBase"]
[SourceQuality "1"]
[TimeControl "40/6000+30:20/3000+30:900+30"]

1. e4 c5 2. Nf3 g6 3. c3 d5 4. e5 Nc6 5. d4 cxd4 6. cxd4 Nh6 7. Bb5 Nf5 8. O-O e6 9. Bg5 Be7 10. Bxe7 Qxe7 11. Bxc6+ bxc6 12. Qc2 Bd7 13. Nbd2 h5 14. Nb3 g5 15. Qc3 g4 16. Ne1 O-O 17. Nc5 a5 18. Nc2 Bc8 19. Qd3 Kg7 20. Kh1 Rh8 21. Ne3 Qg5 22. Rae1 Rh6 23. f4 Qd8 24. Nxf5+ exf5 25. Rf2 Rb8 26. Rfe2 Be6 27. Nxe6+ fxe6 28. Rc1 Rb6 29. Rec2 Qd7 30. Qa3 Rh8 31. Qxa5 Rhb8 32. b3 Kf7 33. Qe1 Rc8 34. Qh4 Ke8 35. Qxh5+ Kd8 36. Qh4+ Kc7 37. Qf2 Kb7 38. Rc5 Ra8 39. g3 Raa6 40. Qc2 Ra3 41. Qd2 Raa6 42. Ra5 Rb5 43. Rxa6 Kxa6 44. Qd3 Kb6 45. a4 Ra5 46. Qc3 Ra6 47. Qc5+ Kb7 48. a5 Ka8 49. b4 Qb7 50. Kg2 Kb8 51. Rb1 Ka8 52. Rb2 Kb8 53. Qd6+ Ka7 54. Qxe6 c5 55. Qxf5 cxb4 56. e6 Rc6 57. Qxg4 b3 58. Qe2 Qc8 59. e7 Rc2 60. Rxc2 bxc2 61. e8=Q c1=Q 62. Q2e7+ Ka8 63. Qxc8+ Qxc8 64. Qe2 Qc3 65. Qa6+ Kb8 66. Qd6+ 1-0

[Event "ITA-ch Women 2017"]
[Site "Cosenza"]
[Date "2017.12.10"]
[Round "7"]
[White "Sedina, Elena"]
[Black "Brunello, Marina"]
[Result "1/2-1/2"]
[ECO "B51"]
[WhiteElo "2312"]
[BlackElo "2345"]
[Annotator "NA"]
[PlyCount "71"]
[EventDate "2017.??.??"]
[EventType "tourn"]
[EventCountry "ITA"]
[SourceTitle "playchess.com"]
[Source "ChessBase"]
[SourceQuality "1"]
[TimeControl "40/6000+30:20/3000+30:900+30"]

1. e4 c5 2. Nf3 d6 3. Bb5+ Nd7 4. d4 cxd4 5. Qxd4 a6 6. Bxd7+ Bxd7 7. c4 e5 8. Qd3 b5 9. Nc3 bxc4 10. Qxc4 Qc8 11. Qd3 {[%emt 0:00:56] LiveBook: 16 Games} Be6 12. b3 $11 h6 13. O-O Nf6 14. Nd2 Be7 15. Rd1 O-O 16. Nf1 Qc5 17. Ne3 Rfc8 18. Bb2 Qa5 19. Rac1 Rab8 20. Qd2 Rc5 21. Ncd5 Qxd2 22. Nxf6+ Bxf6 23. Rxd2 Rxc1+ 24. Bxc1 Be7 25. Ba3 Rb6 26. Nd5 Bxd5 27. Rxd5 f6 28. Kf1 Kf7 29. Ke2 Ke6 30. Rd2 Rc6 31. Kd3 f5 32. f3 Bg5 33. Rc2 Rxc2 34. Kxc2 d5 35. Kd3 g6 36. Bf8 1/2-1/2

[Event "ITA-ch Women 2017"]
[Site "Cosenza"]
[Date "2017.12.10"]
[Round "7"]
[White "Santeramo, Alessia"]
[Black "Gueci, Tea"]
[Result "1-0"]
[ECO "A45"]
[WhiteElo "2082"]
[BlackElo "2158"]
[Annotator "NA"]
[PlyCount "69"]
[EventDate "2017.??.??"]
[EventType "tourn"]
[EventCountry "ITA"]
[SourceTitle "playchess.com"]
[Source "ChessBase"]
[SourceQuality "1"]
[TimeControl "40/6000+30:20/3000+30:900+30"]

1. d4 Nf6 2. Bg5 Ne4 3. Bf4 c5 4. d5 d6 5. f3 Qa5+ 6. c3 Nf6 7. e4 g6 8. Na3 Bg7 9. Bb5+ Nbd7 10. Ne2 a6 11. Bxd7+ Nxd7 12. Qd2 b5 13. Bh6 Bf6 14. Bg5 Qb6 15. Bxf6 Nxf6 16. O-O O-O 17. Kh1 Bd7 18. Nc2 a5 19. Ne3 Rad8 20. Ng3 h5 21. Rae1 Bc8 22. Nd1 Ba6 23. Qh6 b4 24. Ne3 Qc7 25. c4 Qd7 26. f4 Ng4 27. Nxg4 Qxg4 28. f5 h4 29. Rf4 Qxf4 30. Qxf4 hxg3 31. b3 gxh2 32. f6 exf6 33. Qxf6 Bc8 34. e5 dxe5 35. Re4 1-0

[Event "ITA-ch Women 2017"]
[Site "Cosenza"]
[Date "2017.12.10"]
[Round "7"]
[White "Palma, Maria"]
[Black "Di Benedetto, Desiree"]
[Result "1/2-1/2"]
[ECO "A50"]
[WhiteElo "2019"]
[BlackElo "2092"]
[Annotator "NA"]
[PlyCount "131"]
[EventDate "2017.??.??"]
[EventType "tourn"]
[EventCountry "ITA"]
[SourceTitle "playchess.com"]
[Source "ChessBase"]
[SourceQuality "1"]
[TimeControl "40/6000+30:20/3000+30:900+30"]

1. c4 b6 2. Nf3 Bb7 3. g3 g6 4. Bg2 Bg7 5. O-O Nf6 6. d4 O-O 7. Qc2 e6 8. Nc3 d5 9. cxd5 exd5 10. Bf4 c6 11. Rfd1 Re8 12. Rac1 Qe7 13. a3 Nbd7 14. Ne5 Nh5 15. Nxd7 Nxf4 16. Nxb6 Nxe2+ 17. Qxe2 Qxe2 18. Nxe2 axb6 19. Rc2 Ra4 20. Bf3 Ba6 21. Rcd2 Bxe2 22. Rxe2 Rxe2 23. Bxe2 Rxd4 24. Rxd4 Bxd4 25. b3 Bb2 26. a4 Kf8 27. Kf1 Ke7 28. Ke1 Kd6 29. Kd2 Bd4 30. f3 Bg1 31. h3 Bf2 32. g4 Ke5 33. Ba6 Kd4 34. Bb7 c5 35. Kc2 Bg3 36. Bc6 f6 37. Bb7 f5 38. gxf5 gxf5 39. Bc8 f4 40. Be6 h6 41. Bf7 Be1 42. Kd1 Bb4 43. Kc2 Be1 44. Kd1 Bh4 45. Kc2 Bg5 46. Be6 Bf6 47. Bf7 c4 48. Be6 cxb3+ 49. Kxb3 Ke3 50. Bxd5 Kf2 51. Kc2 Kg3 52. Kd3 Kxh3 53. Bf7 Kh4 54. Ke2 Bd4 55. Kf1 Kg3 56. Ke2 Be3 57. Be8 Kh4 58. Kf1 Kg3 59. Ke2 Bc5 60. Bf7 Bd6 61. Be8 Be7 62. Bf7 Kh4 63. Kf1 Kg5 64. Kg2 Kf6 65. Bd5 Ke5 66. Be4 1/2-1/2